 Dungeon Crawl Stone Soup version 0.18.1-1-g2f07953 (webtiles) character file.

8670 protoss039 the Blocker (level 10, -15/84 HPs)
             Began as a Demigod Fighter on May 6, 2016.
             Demolished by Maud
             ... wielding a +5 eveningstar
              (22 damage)
             ... on level 9 of the Dungeon.
             The game lasted 01:42:38 (12987 turns).

protoss039 the Blocker (Demigod Fighter)           Turns: 12987, Time: 01:42:39

Health: -15/84     AC: 19    Str: 21    XL:     10   Next: 89%
Magic:  14/14      EV:  2    Int: 12    God:
Gold:   563        SH: 12    Dex: 19    Spells: 1 memorised, 7 levels left

rFire  + . .     SeeInvis .     u - +2 flail (crush)
rCold  x . .     Gourm    .     i - +0 plate armour
rNeg   . . .     Faith    .     c - +0 shield
rPois  .         Spirit   .     m - +0 helmet
rElec  .         Dismiss  .     (no cloak)
rCorr  .         Reflect  .     F - +1 pair of gloves
SustAt +         Harm     .     s - +0 pair of boots
MR     +....                    B - amulet of regeneration
Stlth  ..........               e - ring of fire
                                g - +1 ring of protection

@: exhausted, slowed, drained, very slow, somewhat resistant to hostile
enchantments, extremely unstealthy
A: talons 1, high mp 1, sustain attributes
a: no special abilities


You were on level 9 of the Dungeon.
You were not hungry.

You visited 1 branch of the dungeon, and saw 10 of its levels.

You collected 563 gold pieces.

Inventory:

Hand Weapons
 u - a +2 flail of crushing (weapon)
 x - a +0 blowgun
Missiles
 G - 8 poisoned needles
Armour
 b - a +1 hat of magic resistance
 c - a +0 shield (worn)
 i - a +0 plate armour (worn)
 m - a +0 helmet (worn)
 s - a +0 pair of boots (worn)
 F - a +1 pair of gloves (worn)
Jewellery
 e - a ring of fire (right hand)
 g - a +1 ring of protection (left hand)
 p - an uncursed amulet of rage
 t - an uncursed ring of magical power
 B - an amulet of regeneration (around neck)
Wands
 o - a wand of flame (23/48)
 v - a wand of iceblast (0/15)
 z - a wand of polymorph (0/24)
 A - a wand of confusion (26/48)
 I - a wand of lightning (0/15)
Scrolls
 j - a scroll of enchant armour
 k - 8 scrolls of remove curse
 q - 2 scrolls of recharging
 r - a scroll of teleportation
 w - a scroll of noise
 C - 2 scrolls of torment
Potions
 a - a potion of agility
 h - 5 potions of brilliance
 D - a potion of berserk rage
 E - a potion of magic
Books
 H - a book of Minor Magic

   Spells                             Type                      Level
   a - Magic Dart                     Conjuration                  1
   b - Blink                          Translocation                2
   c - Call Imp                       Summoning                    2
   d - Repel Missiles                 Charms/Air                   2
   e - Slow                           Hexes                        2
   f - Conjure Flame                  Conjuration/Fire             3
   g - Mephitic Cloud                 Conjuration/Poison/Air       3
 K - a book of Power

   Spells                             Type                      Level
   a - Fulminant Prism                Conjuration/Hexes            4
   b - Iskenderun's Mystic Blast      Conjuration                  4
   c - Venom Bolt                     Conjuration/Poison           5
   d - Bolt of Magma                  Conjuration/Fire/Earth       5
   e - Iron Shot                      Conjuration/Earth            6
   f - Orb of Destruction             Conjuration                  7
   g - Spellforged Servitor           Conjuration/Summoning        7
Comestibles
 d - 2 beef jerkies
 f - 2 bread rations
 n - a slice of pizza
 J - 20 fruits


   Skills:
 + Level 6.8(6.7) Fighting
 + Level 7.6(7.4) Maces & Flails
 + Level 7.6(7.5) Armour
 + Level 3.8(3.6) Dodging
 + Level 1.2(1.0) Stealth
 + Level 9.7(9.5) Shields
 + Level 2.1(2.0) Evocations


You had 7 spell levels left.
You knew the following spells:

 Your Spells              Type           Power        Failure   Level  Hunger
a - Blink                 Tloc           N/A          100%        2    ###....


Dungeon Overview and Level Annotations

Branches:
Dungeon (10/15)            Temple (0/1) D:4            Lair (0/8) D:8
    Orc: D:9-12

Annotations:
D:8 Erolcha
D:9 Maud


Innate Abilities, Weirdness & Mutations

You have an increased reservoir of magic (+10% MP).
Your attributes are resistant to harm.
You have sharp toenails.


Message History

Maud is severely wounded.
Maud hits you with an enchanted eveningstar!!
* * * LOW HITPOINT WARNING * * *
You sock Maud!
Maud is almost dead.
You block the black bear's attack.
The black bear claws you but does no damage. x2
You sock Maud!
Maud is almost dead.
Maud hits you with an enchanted eveningstar!!
* * * LOW HITPOINT WARNING * * *
You block the black bear's attack. x2; The black bear misses you.
You climb upwards.
You feel a strong urge to attack something.
You are no longer berserk.
You are exhausted.
You feel yourself slow down.
There is a stone staircase leading down here.
Maud hits you with an enchanted eveningstar!!
You die...

##.....## #. ##...## #.
##.### #. #.#.# #.
#...# #. ###.# ## #.##
# #h.# # ##@## # #.@# #
##.# # #.# # #)# #
#######.###############
#............##........
#............##........
#............##........


You could see Maud and a black bear.

Vanquished Creatures
  Gastronok (D:8)
  A hill giant (D:8)
  Pikel (D:7)
  A two-headed ogre (D:8)
  Sigmund (D:6)
  Grum (D:7)
  4 wyverns
  3 hippogriffs
  Edmund (D:6)
  4 orc warriors
  4 sky beasts
  2 ice beasts (D:5)
  A phantom (D:5)
  6 ogres
  4 wolves (D:8)
  2 centaurs
  3 big kobolds
  2 giant frogs
  A scorpion (D:4)
  2 killer bees (D:8)
  8 wights
  2 howler monkeys
  A crimson imp (D:8)
  A centaur zombie (D:7)
  4 giant frog zombies
  4 hounds
  2 jellies (D:9)
  3 centaur skeletons
  5 orc priests
  2 giant frog skeletons
  13 orc wizards
  6 worker ants
  2 killer bee zombies
  A worker ant zombie (D:6)
  A howler monkey skeleton (D:9)
  5 adders
  2 shadow imps
  2 oozes
  An adder zombie (D:8)
  2 adder skeletons (D:4)
  2 worms
  3 dart slugs
  6 giant geckos
  42 orcs
  4 giant cockroaches
  2 goblins (D:1)
  5 hobgoblins
  12 jackals
  15 kobolds
  5 quokkas
  2 ball pythons (D:1)
  9 bats
  A giant gecko zombie (D:5)
  5 giant newts
  A jackal skeleton (D:5)
  10 rats
  A fungus (D:8)
  2 plants (D:9)
239 creatures vanquished.

Vanquished Creatures (others)
  An ice beast (D:7)
  A black bear (D:7)
  A scorpion (D:7)
  An orc (D:7)
  6 fungi (D:8)
  4 plants (D:8)
14 creatures vanquished.

Grand Total: 253 creatures vanquished

Notes
Turn   | Place    | Note
--------------------------------------------------------------
     0 | D:1      | protoss039 the Demigod Fighter began the quest for the Orb.
     0 | D:1      | Reached XP level 1. HP: 18/18 MP: 3/3
   103 | D:1      | Reached skill level 3 in Shields
   138 | D:1      | Reached XP level 2. HP: 25/25 MP: 4/4
   893 | D:2      | Found an oddly glowing altar of Pakellas.
   973 | D:2      | Reached XP level 3. HP: 31/31 MP: 5/5
   986 | D:2      | Found a stormy altar of Qazlal.
  1733 | D:3      | Found an iron altar of Okawaru.
  1977 | D:3      | Reached skill level 1 in Dodging
  1977 | D:3      | Reached XP level 4. HP: 38/38 MP: 6/6
  2547 | D:3      | Found a white marble altar of Elyvilon.
  3036 | D:4      | Found a staircase to the Ecumenical Temple.
  3206 | D:4      | Reached XP level 5. HP: 45/45 MP: 7/7
  3504 | D:4      | Found a sparkling altar of Nemelex Xobeh.
  3550 | D:4      | Found a deep blue altar of Sif Muna.
  3565 | D:4      | Reached skill level 4 in Shields
  3856 | D:4      | Reached XP level 6. HP: 43/51 MP: 8/8
  3885 | D:4      | Found a snail-covered altar of Cheibriados.
  3890 | D:4      | Found an ancient bone altar of Kikubaaqudgha.
  3897 | D:4      | Found a shattered altar of Ashenzari.
  3982 | D:5      | Entered Level 5 of the Dungeon
  5272 | D:5      | Reached XP level 7. HP: 27/59 MP: 9/9
  5957 | D:5      | Found a shadowy altar of Dithmenos.
  6239 | D:5      | Reached skill level 5 in Shields
  6571 | D:6      | Found an iron altar of Okawaru.
  6599 | D:6      | Found an iron altar of Okawaru.
  6861 | D:6      | Found a bloodstained altar of Trog.
  7070 | D:6      | Noticed Edmund
  7343 | D:6      | Killed Edmund
  7343 | D:6      | Reached XP level 8. HP: 32/67 MP: 10/10
  7613 | D:6      | Noticed Sigmund
  7634 | D:6      | Killed Sigmund
  7634 | D:6      | Reached skill level 5 in Armour
  7698 | D:6      | Found a burning altar of Makhleb.
  7847 | D:6      | Reached skill level 5 in Fighting
  7847 | D:6      | Reached skill level 6 in Shields
  8160 | D:7      | Gained mutation: You have sharp toenails. [potion of beneficial mutation]
  8388 | D:7      | Noticed Pikel
  8418 | D:7      | Killed Pikel
  8418 | D:7      | Reached skill level 5 in Maces & Flails
  8510 | D:7      | Reached XP level 9. HP: 70/74 MP: 12/12
  8724 | D:7      | Reached skill level 7 in Shields
 10141 | D:8      | Reached skill level 8 in Shields
 10196 | D:8      | Noticed a hill giant
 10214 | D:8      | Killed a hill giant
 10360 | D:8      | Reached skill level 1 in Evocations
 10454 | D:8      | Got an encrusted scale mail
 10580 | D:8      | Noticed Grum
 10705 | D:8      | Reached XP level 10. HP: 65/83 MP: 13/13
 10762 | D:8      | Noticed Gastronok
 10789 | D:7      | Killed Grum
 11211 | D:8      | Killed Gastronok
 11211 | D:8      | Reached skill level 9 in Shields
 11243 | D:8      | Noticed Erolcha
 11537 | D:7      | Learned a level 2 spell: Blink
 11614 | D:8      | Found a staircase to the Lair.
 11619 | D:8      | Reached skill level 1 in Stealth
 11976 | D:9      | Found a blossoming altar of Fedhas.
 12963 | D:10     | Entered Level 10 of the Dungeon
 12963 | D:10     | Noticed Maud
 12987 | D:9      | Demolished by Maud

Skill      XL: |  1  2  3  4  5  6  7  8  9 10 |
---------------+-------------------------------+-----
Shields        | 3 4 5 6 8 9 |  9.7
Armour         | 3 4 5 6 7 |  7.6
Maces & Flails | 2 3 4 5 6 7 |  7.6
Fighting       | 3 4 5 6 |  6.8
Dodging        | 1 2 3 |  3.8
Evocations     | 1 2 |  2.1
Stealth        | 1 |  1.2

Action                   |  1- 3 |  4- 6 |  7- 9 | 10-12 || total
-------------------------+-------+-------+-------+-------++-------
Melee: Flail             |   128 |   229 |   588 |   297 ||  1242
 Abil: Evoke Berserk Rag |       |       |       |     4 ||     4
Evoke: Wand              |       |       |     9 |     1 ||    10
  Use: Potion            |     6 |     5 |     5 |     1 ||    17
       Scroll            |     3 |    10 |     2 |     5 ||    20
  Eat: Chunk             |     1 |     1 |     8 |     2 ||    12
       Meat ration       |     1 |     1 |     1 |       ||     3
       Bread ration      |       |     1 |     1 |     2 ||     4
       Beef jerky        |       |       |       |     1 ||     1
Armor: Scale mail        |    66 |     5 |       |       ||    71
       Chain mail        |       |   110 |    59 |       ||   169
       Plate armour      |       |       |   278 |   140 ||   418
Dodge: Dodged            |    42 |    47 |   149 |    50 ||   288
Block: Shield            |    72 |   119 |   412 |   214 ||   817
